 Dungeon Crawl Stone Soup version 0.27-a0-1140-g099f9bb0e8 (webtiles) character file.

Game seed: 1999046418296084309

512 mdonais the Skirmisher (level 7, -13/56 HPs)
             Began as a Gnoll Wanderer on May 8, 2021.
             Was an Initiate of Hepliaklqana.
             Succumbed to Duvessa's poison
             ... on level 4 of the Dungeon.
             The game lasted 00:15:09 (5193 turns).

mdonais the Skirmisher (Gnoll Wanderer)             Turns: 5193, Time: 00:15:09

Health: -13/56     AC:  2    Str: 14    XL:     7   Next: 19%
Magic:  6/12       EV: 21    Int: 19    God:    Hepliaklqana [......]
Gold:   218        SH:  0    Dex: 20    Spells: 6/13 levels left

rFire    . . .     SeeInvis .     - Unarmed
rCold    . . .     Faith    .   (shield currently unavailable)
rNeg     . . .     Spirit   .   (armour currently unavailable)
rPois    x         Reflect  .   (helmet currently unavailable)
rElec    .         Harm     .   (cloak currently unavailable)
rCorr    .         Rampage  .   (gloves currently unavailable)
Will     .....                  (boots currently unavailable)
Stlth    +++.......             (no amulet)
HPRegen  0.18/turn              n - +6 ring of intelligence
MPRegen  0.13/turn              q - +6 ring of dexterity

@: lethally poisoned (-13 -> -81), spider-form, very slightly contaminated
A: venomous fangs, tiny, (fangs 1), strong nose, distributed training
a: End Transformation, Renounce Religion


You were on level 4 of the Dungeon.
You worshipped Hepliaklqana.
Hepliaklqana was noncommittal.
You were a venomous arachnid creature.
You visited 1 branch of the dungeon, and saw 5 of its levels.

You collected 218 gold pieces.

Inventory:

Hand Weapons
 a - a +2 spear (melded)
 m - a +0 war axe
   (You found it on level 3 of the Dungeon)
Missiles
 c - 196 stones (quivered)
 g - 39 bolts
 j - 40 arrows
 t - 57 sling bullets
Armour
 d - a +0 robe
 e - a +1 pair of gloves (melded)
   (You found it on level 1 of the Dungeon)
 l - a +0 buckler (melded)
   (You found it on level 3 of the Dungeon)
 o - a +0 cloak (melded)
   (You found it on level 3 of the Dungeon)
 s - a +0 leather armour (melded)
   (You found it on level 4 of the Dungeon)
Jewellery
 n - a +6 ring of intelligence (left front leg)
   (You found it on level 3 of the Dungeon)
 q - a +6 ring of dexterity (right front leg)
   (You found it on level 3 of the Dungeon)
 w - a ring of fire
   (You found it on level 5 of the Dungeon)
Scrolls
 b - a scroll of blinking {unknown}
 h - 2 scrolls of identify {unknown}
 i - a scroll of vulnerability {unknown}
 k - a scroll of immolation {unknown}
 p - a scroll of amnesia {unknown}
 r - a scroll of fear {unknown}
 u - a scroll of teleportation {unknown}
Potions
 f - a potion of brilliance {unknown}
 v - a potion of heal wounds {unknown}


   Skills:
 + Level 5.1 Fighting
 + Level 2.3 Short Blades
 + Level 2.3 Long Blades
 + Level 2.3 Axes
 + Level 2.3 Maces & Flails
 + Level 2.3 Polearms
 + Level 2.3 Staves
 + Level 2.3 Slings
 + Level 2.3 Bows
 + Level 2.3 Crossbows
 + Level 3.5 Throwing
 + Level 2.3 Armour
 + Level 3.5 Dodging
 + Level 3.3 Stealth
 + Level 2.3 Shields
 + Level 2.3 Unarmed Combat
 + Level 3.7 Spellcasting
 + Level 1.9 Conjurations
 + Level 1.9 Hexes
 + Level 1.9 Summonings
 + Level 1.9 Necromancy
 + Level 1.9 Translocations
 + Level 4.2 Transmutations
 + Level 4.2 Fire Magic
 + Level 1.9 Ice Magic
 + Level 1.9 Air Magic
 + Level 1.9 Earth Magic
 + Level 1.9 Poison Magic
 + Level 2.5 Invocations
 + Level 2.3 Evocations


You had 6 spell levels left.
You knew the following spells:

 Your Spells              Type           Power      Damage    Failure   Level
a - Magic Dart            Conj           40%        1d5       17%         1
b - Searing Ray           Conj           20%        3d3       24%         2
c - Beastly Appendage     Tmut           38%        N/A       10%         1
d - Spider Form           Tmut/Pois      7%         N/A       28%         3

Your spell library contained the following spells:

 Spells                   Type           Power      Damage    Failure   Level
 Dazzling Flash           Conj/Hex       20%        N/A       38%         3
 Fulminant Prism          Conj/Hex       5%         3d7       75%         4
 Iskenderun's Mystic Bla  Conj/Tloc      10%        2d4       75%         4


Dungeon Overview and Level Annotations

Branches:
Dungeon (5/15)
 Temple: D:4-7

Altars:
Hepliaklqana

Shops:
D:4 (

Annotations:
D:3 Purgy
D:5 Dowan, Duvessa


Innate Abilities, Weirdness & Mutations

You are a venomous arachnid creature.
You have poisonous fangs.
You are tiny and dextrous.
Your spellcasting is less reliable in this form.
Your armour is entirely melded.
You are incapable of wielding weapons or throwing items.
((You have very sharp teeth.))
Your uncanny sense of smell can sniff out nearby items.
Your experience applies equally to all skills.


Message History

The searing ray hits the gnoll.
The gnoll is almost dead.
You now have 4/11 mp.
The searing ray hits the gnoll.
You kill the gnoll!
You now have 3/11 mp.
You see here a +0 club.
You see here a hound corpse.
You see here a +0 club.
Your magical contamination has completely faded away.
You start resting.
Magic restored.
MP restored: 11 An adder comes into view.
Casting: Searing Ray (safe; 17% risk of failure)
Confirm with . or Enter, or press ? or * to list all spells.
Aiming: Magic Dart (safe; 11% risk of failure)
Press: ? - help, Shift-Dir - straight line, f - adder
Aim: an adder (asleep, 100% to hit)
The magic dart hits the adder.
The adder is lightly wounded.
The adder hisses angrily.
You now have 10/11 mp.
Casting: Magic Dart (safe; 11% risk of failure)
Confirm with . or Enter, or press ? or * to list all spells.
Aiming: Magic Dart (safe; 11% risk of failure)
Press: ? - help, Shift-Dir - straight line, f/p - adder
Aim: an adder (lightly wounded, 100% to hit)
The magic dart hits the adder.
The adder is heavily wounded.
You now have 9/11 mp.
Casting: Magic Dart (safe; 11% risk of failure)
Confirm with . or Enter, or press ? or * to list all spells.
Aiming: Searing Ray (safe; 17% risk of failure)
Press: ? - help, Shift-Dir - straight line, f/p - adder
Aim: an adder (heavily wounded, 60% to hit)
The searing ray hits the adder.
You kill the adder! (Press . to maintain the ray.)
You now have 7/11 mp.
c - 179 stones (gained 19)
c - 196 stones (gained 17) Key pressed, stopping explore.
Done exploring.
MP restored: 11 Done exploring.
Done exploring.
Search for what [Enter for "hep", or ? for help]? .
(D) Dungeon
Where to? (Enter - D:4, ? - help)
There is a stone staircase leading down here.
You climb downwards.
There is a stone staircase leading up here.
An ogre comes into view. It is wielding a +0 giant club.
The ogre shouts!
Casting: Searing Ray (safe; 16% risk of failure)
Confirm with . or Enter, or press ? or * to list all spells.
Aiming: Searing Ray (safe; 16% risk of failure)
Press: ? - help, Shift-Dir - straight line, f - ogre
Aim: an ogre, wielding a +0 giant club (89% to hit)
The searing ray hits the ogre.
The ogre is lightly wounded. (Press . to maintain the ray.)
You now have 9/11 mp.
The searing ray hits the ogre!
The ogre is moderately wounded.
You now have 8/11 mp.
The searing ray hits the ogre!
The ogre is severely wounded.
You block the ogre's attack.
You now have 7/11 mp.
The searing ray hits the ogre.
The ogre is severely wounded.
You finish channeling your searing ray.
You now have 6/11 mp.
Casting: Searing Ray (safe; 16% risk of failure)
Confirm with . or Enter, or press ? or * to list all spells.
Aiming: Searing Ray (safe; 16% risk of failure)
Press: ? - help, Shift-Dir - straight line, f/p - ogre
Aim: an ogre, wielding a +0 giant club (severely wounded, 89% to hit)
You miscast Searing Ray.
You are very lightly contaminated with residual magic.
Nothing appears to happen.
The ogre hits you with a +0 giant club!
You take 11 damage, and have 40/51 hp.
MASSIVE DAMAGE!!
You now have 4/11 mp.
Casting: Searing Ray (safe; 16% risk of failure)
Confirm with . or Enter, or press ? or * to list all spells.
Aiming: Searing Ray (safe; 16% risk of failure)
Press: ? - help, Shift-Dir - straight line, f/p - ogre
Aim: an ogre, wielding a +0 giant club (severely wounded, 89% to hit)
The searing ray hits the ogre.
The ogre is almost dead. (Press . to maintain the ray.)
The ogre barely misses you.
You now have 3/11 mp.
The searing ray hits the ogre.
You kill the ogre!
You have reached level 7!
You regained 4 hp, and now have 44/56 hp.
You now have 2/12 mp.
You start resting.
Your magical contamination has completely faded away.
You start resting.
HP restored.
Health restored: 56 You regained 8 mp, and now have 10/12 mp.
You see here a +0 giant club.
Magic restored.
You now have 202 gold pieces (gained 10).
w - a ring of fire MP restored: 12
g - 39 bolts (gained 21)
h - 2 scrolls labelled FESAFF BUVE (gained 1)
You now have 218 gold pieces (gained 16).
As you open the door, it creaks loudly!
You hear a shout!
Duvessa and Dowan come into view.
Duvessa is wielding a +4 short sword of venom.
Dowan is wielding a +1 dagger of venom.
There is an open door here.
Duvessa says, "Practise, practise, practise!
One day you'll be as good as me."
Duvessa says, "Where magic fails, the sword succeeds!"
You see here a +0 giant club.
There is a stone staircase leading up here.
Casting: Searing Ray (safe; 16% risk of failure)
Confirm with . or Enter, or press ? or * to list all spells.
You miscast Spider Form.
You are very lightly contaminated with residual magic.
Nothing appears to happen.
You now have 9/12 mp.
Casting: Spider Form (dangerous; 19% risk of failure)
Confirm with . or Enter, or press ? or * to list all spells.
You turn into a venomous arachnid creature.
Your +2 spear melds into your body.
Your +0 cloak melds into your body.
Your +1 pair of gloves melds into your body.
Your +0 buckler melds into your body.
Your +0 leather armour melds into your body.
Duvessa hits you with a +4 short sword of venom!!
You are poisoned.
You take 18 damage, and have 38/56 hp.
MASSIVE DAMAGE!!
You now have 6/12 mp.
You hit Duvessa.
Duvessa is poisoned.
Duvessa is lightly wounded.
You feel very sick.
Duvessa hits you with a +4 short sword of venom!
You are lethally poisoned!
You take 10 damage, and have 28/56 hp.
You feel extremely sick.
Duvessa says, "Where magic fails, the sword succeeds!"
Duvessa hits you with a +4 short sword of venom!
* * * LOW HITPOINT WARNING * * *
You are more poisoned.
You climb upwards.
You die...

#.# #.# #.#
#####.######
##..^.......##
##........>...## ##
#......).......# #.
#..........[...# #.
#...s..........# #.
#..............# #.
#...........[..#
##.
##.......>.[..##
#.. ##..........##
##.#
####.###########..#
#.# ###....## #.#
###...####
#.####...### ###


There were no monsters in sight!

Vanquished Creatures
  An ogre (D:5)
  3 scorpions (D:4)
  A hound (D:4)
  A bullfrog skeleton (D:4)
  A gnoll (D:4)
  8 adders
  An adder skeleton (D:4)
  4 worms
  2 dart slugs
  An orc (D:3)
  11 bats
  9 endoplasms
  A giant cockroach (D:1)
  12 goblins
  8 hobgoblins
  7 jackals
  8 kobolds
  3 quokkas
  5 ball pythons
  4 frilled lizards
  8 rats
  A spectral kobold (D:3)
100 creatures vanquished.

Notes
Turn   | Place    | Note
-------+----------+-------------------------------------------
     0 | D:1      | mdonais the Gnoll Wanderer began the quest for the Orb.
     0 | D:1      | mdonais set off with the following items: a +2 spear, a
                  | potion of lignification, a +0 robe; and the following spell
                  | memorised: Beastly Appendage; and the following spells
                  | available to memorise: Spider Form
     0 | D:1      | Reached XP level 1. HP: 20/20 MP: 4/4
   148 | D:1      | Reached XP level 2. HP: 24/26 MP: 5/5
   726 | D:1      | Found a faded altar of an unknown god.
   782 | D:1      | Reached XP level 3. HP: 31/31 MP: 7/7
  1247 | D:2      | Reached skill level 1 in Invocations
  1366 | D:2      | Learned a level 3 spell: Spider Form
  1436 | D:2      | Reached skill level 1 in Short Blades
  1436 | D:2      | Reached skill level 1 in Long Blades
  1436 | D:2      | Reached skill level 1 in Axes
  1436 | D:2      | Reached skill level 1 in Maces & Flails
  1436 | D:2      | Reached skill level 1 in Polearms
  1436 | D:2      | Reached skill level 1 in Staves
  1436 | D:2      | Reached skill level 1 in Slings
  1436 | D:2      | Reached skill level 1 in Bows
  1436 | D:2      | Reached skill level 1 in Crossbows
  1436 | D:2      | Reached skill level 1 in Armour
  1436 | D:2      | Reached skill level 1 in Shields
  1436 | D:2      | Reached skill level 1 in Unarmed Combat
  1436 | D:2      | Reached skill level 1 in Evocations
  1547 | D:2      | Reached XP level 4. HP: 38/38 MP: 6/8
  2077 | D:3      | Reached skill level 1 in Conjurations
  2077 | D:3      | Reached skill level 1 in Hexes
  2077 | D:3      | Reached skill level 1 in Summonings
  2077 | D:3      | Reached skill level 1 in Necromancy
  2077 | D:3      | Reached skill level 1 in Translocations
  2077 | D:3      | Reached skill level 1 in Ice Magic
  2077 | D:3      | Reached skill level 1 in Air Magic
  2077 | D:3      | Reached skill level 1 in Earth Magic
  2077 | D:3      | Reached skill level 1 in Poison Magic
  2444 | D:3      | Reached XP level 5. HP: 39/43 MP: 7/9
  2539 | D:3      | Noticed Purgy
  2658 | D:3      | Learned a level 2 spell: Searing Ray
  3000 | D:3      | Found a hazy altar of Hepliaklqana.
  3429 | D:3      | Became a worshipper of Hepliaklqana the Forgotten
  3473 | D:4      | Found Usmar's Antique Weapon Shoppe.
  3495 | D:3      | Learned a level 1 spell: Magic Dart
  4158 | D:4      | Reached XP level 6. HP: 50/50 MP: 4/10
  4453 | D:4      | Reached skill level 5 in Fighting
  4933 | D:5      | Entered Level 5 of the Dungeon
  4959 | D:5      | Reached XP level 7. HP: 44/56 MP: 2/12
  5117 | D:5      | Noticed Duvessa
  5117 | D:5      | Noticed Dowan
  5193 | D:4      | Succumbed to Duvessa's poison

Illustrated notes

Levels and vault maps discovered:
D:1:      lightli_arrival_chessboard, layout_loops_ring,
          ebering_ecumenical_altar_rust, minmay_misc_feat_rows
D:2:      minmay_chambers_of_ones, layout_basic
D:3:      layout_loops_ring, nicolae_hepliaklqana_monster_ancestors,
          kennysheep_pointless_box, uniq_purgy
D:4:      layout_rooms, serial_shops, shop
D:5:      layout_basic, old_standard_altar,
          chequers_temple_overflow_statue_of_worship, temple_statues,
          corner_web_ring, kennysheep_generic_room_7, uniq_duvessa

Skill      XL: |  1  2  3  4  5  6 |
---------------+-------------------+-----
Invocations    | 1 2 |  2.5
Short Blades   | 1 2 |  2.3
Long Blades    | 1 2 |  2.3
Axes           | 1 2 |  2.3
Maces & Flails | 1 2 |  2.3
Polearms       | 1 2 |  2.3
Staves         | 1 2 |  2.3
Slings         | 1 2 |  2.3
Bows           | 1 2 |  2.3
Crossbows      | 1 2 |  2.3
Armour         | 1 2 |  2.3
Shields        | 1 2 |  2.3
Unarmed Combat | 1 2 |  2.3
Evocations     | 1 2 |  2.3
Spellcasting   | 3 |  3.7
Conjurations   | 1 |  1.9
Hexes          | 1 |  1.9
Summonings     | 1 |  1.9
Necromancy     | 1 |  1.9
Translocations | 1 |  1.9
Ice Magic      | 1 |  1.9
Air Magic      | 1 |  1.9
Earth Magic    | 1 |  1.9
Poison Magic   | 1 |  1.9
Throwing       | 3 |  3.5
Dodging        | 3 |  3.5
Transmutations | 4 |  4.2
Fire Magic     | 4 |  4.2
Stealth        | 3 |  3.3
Fighting       | 5 |  5.1

Action                   |  1- 3 |  4- 6 |  7- 9 || total
-------------------------+-------+-------+-------++-------
Melee: Spear             |   111 |   129 |       ||   240
       Bite              |     3 |     8 |       ||    11
       Kick              |     9 |    19 |       ||    28
       Headbutt          |     3 |     5 |       ||     8
       Unarmed           |       |       |     1 ||     1
Throw: Stone             |       |     2 |       ||     2
 Cast: Beastly Appendage |    24 |    17 |       ||    41
       Magic Dart        |       |    17 |       ||    17
       Searing Ray       |       |    14 |       ||    14
       Spider Form       |       |       |     1 ||     1
  Use: Potion            |       |     1 |       ||     1
 Stab: Sleeping          |     4 |     7 |       ||    11
Armor: Robe              |    17 |    31 |       ||    48
       Leather armour    |       |     4 |       ||     4
       Skin              |       |     1 |       ||     1
Dodge: Dodged            |    57 |    73 |       ||   130
Block: Buckler           |       |    14 |       ||    14

Table legend: (Time is in decaauts)
 A = Elapsed time spent in this place.
 B = Non-inter-level travel time spent in this place.
 C = Inter-level travel time spent in this place.
 D = Time resting spent in this place.
 E = Time spent auto-exploring this place.
 F = Levels seen in this place.
 G = Mean time per level.
                   A        B        C        D        E       F      G
               +--------+--------+--------+--------+--------+-----+--------+
         Total |   5212 |   4962 |    250 |   1499 |   2540 |   5 | 1042.4 |
       Dungeon |   5212 |   4962 |    250 |   1499 |   2540 |   5 | 1042.4 |
               +--------+--------+--------+--------+--------+-----+--------+

Top non-repeatable levels by time:
     D:3: 1475 daAuts
     D:4: 1405 daAuts
     D:1: 1124 daAuts
     D:2: 946 daAuts
     D:5: 259 daAuts
